 Dungeon Crawl Stone Soup version 0.29.0-11-gd7f09526c8 (webtiles) character file.

Game seed: 16395920018092362650

4311 robertstho the Grappler (level 10, -5/79 HPs)
             Began as a Vine Stalker Berserker on Sept 6, 2022.
             Was an Elder of Trog.
             Slain by a wight
             ... wielding a +4 war axe
              (9 damage)
             ... on level 7 of the Dungeon.
             The game lasted 00:10:18 (6538 turns).

robertstho the Grappler (Vine Stalker Berserker)    Turns: 6538, Time: 00:10:19

Health: -5/79      AC: 14    Str: 23    XL:     10   Next: 32%
Magic:  0/11       EV: 12    Int: 13    God:    Trog [****..]
Gold:   464        SH:  0    Dex: 15    Spells: 9/9 levels left

rFire   + . .      SeeInvis .     - Unarmed
rCold   + . .      Faith    .   (no shield)
rNeg    . . .      Spirit   +   f - +0 acid dragon scales
rPois   .          Reflect  .   c - +2 helmet
rElec   .          Harm     .   y - scarf {rC+ rF+}
rCorr   +          Rampage  .   x - +0 pair of gloves
Will    +....                   l - +0 pair of boots
Stlth   ..........              m - amulet of the acrobat
HPRegen 1.03/turn               b - ring of flight
MPRegen 0.12/turn               t - +6 ring of intelligence

@: berserking (expiring), flying, very quick
A: fangs 3, regeneration 1, magic shield, antimagic bite, no potion heal 2
a: Renounce Religion, Berserk, Trog's Hand, Brothers in Arms


You were on level 7 of the Dungeon.
You worshipped Trog.
Trog was greatly pleased with you.
You visited 1 branch of the dungeon, and saw 7 of its levels.

You collected 464 gold pieces.

Inventory:

Armour
 c - a +2 helmet (worn)
 f - +0 acid dragon scales (worn)
 h - a +0 chain mail
 l - a +0 pair of boots (worn)
 s - a +1 cloak of willpower
 x - a +0 pair of gloves (worn)
 y - a scarf of resistance (worn)
Jewellery
 b - a ring of flight (left hand)
 m - an amulet of the acrobat (around neck)
 t - a +6 ring of intelligence (right hand)
Wands
 q - a wand of flame (21)
 v - a wand of iceblast (18)
Scrolls
 a - 2 scrolls of identify
 d - a scroll of vulnerability
 e - 3 scrolls of fog
 g - 9 scrolls of teleportation
 k - a scroll of silence
 n - a scroll of enchant armour
 o - a scroll of poison
 w - a scroll of summoning {unknown}
 A - a scroll of brand weapon {unknown}
Potions
 i - 2 potions of mutation
 j - a potion of invisibility
 p - a potion of ambrosia
 r - a potion of lignification {unknown}
 u - 3 potions of curing
 z - a potion of magic


   Skills:
 * Level 6.4 Fighting
 * Level 7.8 Armour
 + Level 3.2 Dodging
 + Level 1.9 Stealth
 + Level 9.4 Unarmed Combat


You had 9 spell levels left.
You didn't know any spells.
Your spell library was empty.

Dungeon Overview and Level Annotations

Branches:
Dungeon (7/15)             Temple (0/1) D:4

Altars:
Yredelemnul

Shops:
D:6 :


Innate Abilities, Weirdness & Mutations

You have razor-sharp teeth.
Your natural rate of healing is unusually fast.
When hurt, damage is shared between your health and your magic reserves.
Your bite disrupts and absorbs the magic of your enemies.
Potions cannot restore your health.


Message History

Joseph is heavily wounded.
Joseph hits you with a +3 quarterstaff of speed!
You barely miss Joseph. You bite Joseph, but do no damage.
Joseph is heavily wounded.
The wight misses you.
Joseph hits you with a +3 quarterstaff of speed!
You pummel Joseph!!
Joseph is almost dead.
The wight closely misses you. The wight hits you with a +0 dagger.
You feel drained.
Joseph hits you with a +3 quarterstaff of speed!
* * * LOW HITPOINT WARNING * * *
You punch Joseph!
You kill Joseph!
Trog accepts your kill.
Your life force feels restored.
You pummel the wight!!
You destroy the wight!
Trog accepts your kill. The wight misses you.
You punch the wight!
The wight is severely damaged.
You punch the wight! Your bite misses the wight.
The wight is almost destroyed.
The wight barely misses you. The wight hits you with a +3 dagger.
* * * LOW HITPOINT WARNING * * *
The wight barely misses you.
You closely miss the wight. Your bite misses the wight.
The wight is severely damaged.
The wight hits you with a +4 war axe!
* * * LOW HITPOINT WARNING * * *
The wight hits you but does no damage.
The wight hits you from afar with a +0 halberd.
* * * LOW HITPOINT WARNING * * *
You hit the wight but do no damage.
The wight is almost destroyed.
You completely miss the wight. Your bite misses the wight.
The wight is almost destroyed.
The wight hits you with a +4 war axe!
You die...

#.##.#####.#
#.#........#
#.#..#####.# #.#..# #.#
## #.#..# #.# . #.#..#
#.# .#
#.#..#####.#######.#####
#.#....#...............#
#.#.##..........@z.#
........>#.###z##z.#
###....#.#........|..#
####.#.#####.##..#.# #.#
# #.# ..# # # < #.# ..#
######.#.... ... ...
)))).†...... ... ..#
######.#.##. #.#


You could see 3 wights.

Vanquished Creatures
  Pikel (D:5)
  Joseph (D:7)
  Maggie (D:7)
  Prince Ribbit (D:5)
  Sigmund (D:2)
  A steam dragon (D:7)
  A water moccasin (D:5)
  A sky beast (D:7)
  3 ogres
  A centaur (D:7)
  2 phantoms (D:6)
  A kobold brigand (D:7)
  2 bullfrogs
  A gnoll sergeant (D:6)
  3 necrophages
  4 scorpions
  10 wights
  3 howler monkeys (D:7)
  A hound (D:6)
  A jelly (D:5)
  An orc priest (D:4)
  Crazy Yiuf (D:4)
  4 iguanas
  Ijyb (D:5)
  Terence (D:3)
  Natasha (thrice) (D:2)
  4 orc wizards
  Robin (D:4)
  8 gnolls
  8 adders
  2 shadow imps
  3 ufetubi (D:5)
  A worm (D:3)
  A dart slug (D:1)
  16 orcs
  7 endoplasms
  6 giant cockroaches
  10 goblins
  12 hobgoblins
  3 jackals (D:3)
  9 kobolds
  2 quokkas
  4 ball pythons
  6 bats
  2 frilled lizards (D:3)
  2 rats
  A spectral goblin (D:1)
159 creatures vanquished.

Vanquished Creatures (others)
  An orc wizard (D:4)
1 creature vanquished.

Grand Total: 160 creatures vanquished

Notes
Turn   | Place    | Note
-------+----------+-------------------------------------------
     0 | D:1      | robertstho the Vine Stalker Berserker began the quest for
                  | the Orb.
     0 | D:1      | Reached XP level 1. HP: 11/11 MP: 2/2
    54 | D:1      | Found a faded altar of an unknown god.
   395 | D:1      | Reached XP level 2. HP: 11/16 MP: 1/3
  1785 | D:2      | Reached XP level 3. HP: 20/20 MP: 4/4
  1910 | D:2      | Noticed Natasha
  1929 | D:2      | Killed Natasha
  1930 | D:2      | Gained mutation: Your natural rate of healing is unusually
                  | fast. [Vine Stalker growth]
  1930 | D:2      | Reached XP level 4. HP: 7/24 MP: 2/5
  2082 | D:2      | Noticed Natasha
  2090 | D:2      | Killed Natasha
  2206 | D:2      | Noticed Natasha
  2217 | D:2      | Killed Natasha
  2218 | D:2      | Reached skill level 4 in Unarmed Combat
  2218 | D:2      | Reached XP level 5. HP: 20/28 MP: 6/6
  2257 | D:2      | Found a basalt altar of Yredelemnul.
  2317 | D:2      | Noticed Sigmund
  2331 | D:2      | Killed Sigmund
  2332 | D:2      | Reached skill level 1 in Stealth
  2332 | D:2      | Reached XP level 6. HP: 33/33 MP: 7/7
  2681 | D:3      | Reached ** piety under Trog
  2953 | D:3      | Noticed Terence
  2961 | D:3      | Killed Terence
  3715 | D:4      | Reached skill level 5 in Unarmed Combat
  3755 | D:4      | Reached XP level 7. HP: 37/37 MP: 8/8
  3813 | D:4      | Found a staircase to the Ecumenical Temple.
  3851 | D:4      | HP: 1/37 [poisoned by an adder]
  4047 | D:4      | Noticed Robin
  4069 | D:4      | Killed Robin
  4070 | D:4      | Reached skill level 6 in Unarmed Combat
  4181 | D:4      | Gained mutation: You have razor-sharp teeth. [Vine Stalker
                  | growth]
  4181 | D:4      | Reached XP level 8. HP: 38/42 MP: 7/9
  4260 | D:4      | Found a runed translucent door.
  4261 | D:4      | Noticed Crazy Yiuf
  4338 | D:4      | Killed Crazy Yiuf
  4362 | D:5      | Entered Level 5 of the Dungeon
  4382 | D:5      | Noticed Prince Ribbit
  4390 | D:5      | Killed Prince Ribbit
  4475 | D:5      | Reached *** piety under Trog
  4476 | D:5      | Reached skill level 5 in Armour
  4520 | D:5      | Reached skill level 5 in Fighting
  4611 | D:5      | Noticed Pikel
  4618 | D:5      | Killed Pikel
  4619 | D:5      | Reached skill level 7 in Unarmed Combat
  4619 | D:5      | Reached XP level 9. HP: 48/48 MP: 8/10
  4815 | D:5      | Noticed Ijyb
  4823 | D:5      | Killed Ijyb
  5840 | D:6      | Found Maidghaurch's Vocational Training.
  5904 | D:6      | Reached skill level 8 in Unarmed Combat
  6184 | D:7      | Noticed Maggie
  6199 | D:7      | Killed Maggie
  6200 | D:7      | Reached XP level 10. HP: 53/53 MP: 11/11
  6232 | D:7      | Reached skill level 9 in Unarmed Combat
  6309 | D:7      | Reached **** piety under Trog
  6518 | D:7      | Noticed Joseph
  6532 | D:7      | Killed Joseph
  6536 | D:7      | HP: 3/79 [wight/+0 halberd (6)]
  6538 | D:7      | Slain by a wight

Illustrated notes

Levels and vault maps discovered:
D:1:      elethiomel_arrival_quiet, layout_loops_corners,
          dreamdust_ecumenical_altar_drowned_temple
D:2:      layout_basic, basic_altar, uniq_natasha, uniq_sigmund
D:3:      layout_basic, lemuel_another_geyser, uniq_terence
D:4:      layout_rooms, minmay_temple_entry_statues_fountains,
          uniq_crazy_yiuf_cottage, uniq_robin
D:5:      nicolae_cairo_tiling_very_big, layout_basic, uniq_ijyb,
          uniq_prince_ribbit1, uniq_pikel
D:6:      minmay_evil_eye, layout_basic, nicolae_shop_vocational
D:7:      layout_basic, mainiacjoe_overflow_alcove_4, uniq_joseph, uniq_maggie

Skill      XL: |  1  2  3  4  5  6  7  8  9 10 |
---------------+-------------------------------+-----
Fighting       | 3 4 5 6 |  6.4
Armour         | 2 3 4 6 7 |  7.8
Unarmed Combat | 4 5 6 7 8 9 |  9.4
Dodging        | 2 3 |  3.2
Stealth        | 1 |  1.9

Action                   |  1- 3 |  4- 6 |  7- 9 | 10-12 || total
-------------------------+-------+-------+-------+-------++-------
Melee: Unarmed           |    83 |   118 |   301 |    54 ||   556
       Bite              |    19 |    29 |    94 |    12 ||   154
       Punch             |     1 |     4 |    11 |     3 ||    19
Invok: Berserk           |     1 |     5 |     7 |     1 ||    14
       Trog's Hand       |       |       |     1 |       ||     1
  Use: Scroll            |     4 |       |    14 |       ||    18
       Potion            |       |       |     1 |       ||     1
 Stab: Sleeping          |     2 |       |       |       ||     2
Armor: Animal skin       |     7 |       |       |       ||     7
       Chain mail        |     9 |    53 |   151 |       ||   213
       Acid dragon scale |       |       |       |    19 ||    19
Dodge: Dodged            |    43 |    44 |   147 |    31 ||   265
